AoeStats
← 初级菜鸟5.5

Arabia

509161883Analyzed
1v1 RM · 5d ago on Sep 25, 2026· 40m 53s· 2 players
Game mode
Random Map
Map size
Tiny (2 player)
Population
200
Speed
Normal
Resources
Standard
Victory
Conquest
Starting age
Dark Age
Ending age
Imperial Age
RankedLock teamsTeams togetherTeam positionsShared explorationLock speedFull tech treeHidden civsTurbo modeCheats
Victory
Defeat
🇨🇳 Huns · China
1377
+17
🇮🇳 Mongols · India
1397
-17
初级菜鸟5.5
6:04 Loom
8:32 Feudal Age
9:07 Double-Bit Axe
9:08 Horse Collar
20:10 Castle Age
18:36 Fletching
19:15 Bloodlines
20:59 Bodkin Arrow
21:16 Bow Saw
28:06 Scale Barding Armor
30:30 Chain Barding Armor
31:24 Forging
31:52 Husbandry
33:12 Iron Casting
35:12 Padded Archer Armor
38:50 Wheelbarrow
41:41 Imperial Age
39:36 Gold Mining
39:36 Stone Mining
40:29 Hand Cart
40:00 Town Watch
41:07 Gold Shaft Mining
Voodoo Child390
5:06 Loom
7:49 Feudal Age
8:45 Double-Bit Axe
20:35 Castle Age
18:53 Horse Collar
19:56 Fletching
20:07 Padded Archer Armor
21:15 Bodkin Arrow
21:35 Leather Archer Armor
21:15 Elite Skirmisher
27:52 Ballistics
29:24 Town Watch
30:31 Heavy Plow
31:15 Wheelbarrow
30:40 Town Patrol
33:16 Scale Barding Armor
34:25 Bloodlines
Connection lost

Rejoining the realm…

Still unreachable

The connection could not be restored.

Session expired

The server has moved on; the page needs a fresh start.